 Dungeon Crawl Stone Soup version 0.30.1 (webtiles) character file.

Game seed: 1734999769744749426

10982 AllIsDust the Severer (level 11, -1/102 (105) HPs)
             Began as a Minotaur Berserker on July 6, 2023.
             Was an Elder of Trog.
             Succumbed to an orange demon's poison
             ... on level 10 of the Dungeon.
             The game lasted 00:18:29 (9891 turns).

AllIsDust the Severer (Minotaur Berserker)          Turns: 9891, Time: 00:18:29

HP:   -1/102 (105)  AC: 19    Str: 26    XL:     11   Next: 43%
MP:   10/10         EV:  8    Int:  4    God:    Trog [****..]
Gold: 1503          SH:  4    Dex: 10    Spells: 10/10 levels left

rFire   . . .        r - +4 war axe (heavy)
rCold   + . .        g - +0 buckler
rNeg    . . .        q - +0 plate armour
rPois   .            (helmet restricted)
rElec   .            m - +0 cloak
rCorr   .            s - +0 pair of gloves
SInv    .            j - +1 pair of boots
Will    .....        (no amulet) Stlth
                     d - ring of protection from cold
HPRegen 0.37/turn    (no ring)
MPRegen 0.12/turn

%: no passive effects
@: lethally poisoned (-1 -> -10), about to teleport, weakened, on berserk
cooldown, slowed, lightly drained, very slow
A: horns 2, retaliatory headbutt
a: Renounce Religion, Berserk, Trog's Hand, Brothers in Arms


You were on level 10 of the Dungeon.
You worshipped Trog.
Trog was greatly pleased with you.
You visited 2 branches of the dungeon, and saw 11 of its levels.

You collected 1608 gold pieces.
You spent 105 gold pieces at shops.

Inventory:

Hand Weapons
 r - a +4 heavy war axe (weapon)
Armour
 g - a +0 buckler (worn)
 j - a +1 pair of boots (worn)
 m - a +0 cloak (worn)
 q - a +0 plate armour (worn)
 s - a +0 pair of gloves (worn)
Jewellery
 d - a ring of protection from cold (left hand)
Wands
 k - a wand of flame (6)
 l - a wand of paralysis (6)
 v - a wand of light (8)
Scrolls
 a - a scroll of identify
 e - 2 scrolls of enchant weapon
 f - a scroll of brand weapon
 h - a scroll of magic mapping
 n - 3 scrolls of teleportation
 o - a scroll of enchant armour
 p - a scroll of fear
 w - a scroll of fog
Potions
 b - 3 potions of curing
 c - a potion of magic {unknown}
 i - a potion of resistance {unknown}
 t - a potion of cancellation
 u - 2 potions of invisibility


   Skills:
 * Level 12.4 Fighting
 + Level 15.5 Axes
 + Level 8.8 Armour
 - Level 3.2 Dodging
 - Level 0.5 Stealth
 + Level 3.4 Shields
 - Level 1.2 Unarmed Combat


You had 10 spell levels left.
You didn't know any spells.
Your spell library was empty.

Dungeon Overview and Level Annotations

Branches:
Dungeon (10/15)            Temple (0/1) D:4            Lair (0/5) D:10
    Orc (1/2) D:10

Altars:
Ashenzari
Cheibriados
Dithmenos
Fedhas
Hepliaklqana
Nemelex Xobeh
Okawaru
Qazlal
Ru
Wu Jian
Jiyva

Shops:
D:2 *   Orc:1 ?

Annotations:
D:9 2 transporters


Innate Abilities, Weirdness & Mutations

You have a pair of horns on your head.
You reflexively headbutt those who attack you in melee.


Message History

The orc knight hits you with a +0 battleaxe of electrocution!!
You are electrocuted!
The orange demon stings you! The orange demon hits you.
The orc priest hits you with a +0 mace!
* * * LOW HITPOINT WARNING * * *
An orc warrior comes into view. It is wielding a +0 war axe.
The orc sorcerer hits you but does no damage.
The orc sorcerer mumbles some strange words.
The orc warrior shouts!
You can move again.
You are too injured to fight recklessly!
Unknown command.
You are too injured to fight recklessly!
Unknown command.
You feel very sick.
You hear a shout!
The orc knight hits you with a +0 battleaxe of electrocution!!
* * * LOW HITPOINT WARNING * * *
The orange demon stings you but does no damage.
The orc sorcerer completely misses you.
There is a staircase back to the Dungeon, spattered with blood here.
You feel a strong urge to attack something.
* * * LOW HITPOINT WARNING * * *
You feel very sick.
You climb upwards.
Welcome back to the Dungeon!
The orange demon disappears in a puff of smoke!
You are no longer berserk.
You are exhausted.
You feel yourself slow down.
* * * LOW HITPOINT WARNING * * *
You feel very sick.
There is a staircase to the Orcish Mines here.
As you read the scroll of fear, it crumbles to dust.
You assume a fearsome visage.
The orc knight looks frightened!
The orc priest looks frightened!
The orc sorcerer looks frightened!
* * * LOW HITPOINT WARNING * * *
You feel very sick.
The orc priest no longer looks unusually strong.
As you read the scroll of teleportation, it crumbles to dust.
You feel strangely unstable.
You die...

.#......+.....#####..#.......#.#
.#......#...(.#...+..+.......#.#
##......#..[(................#.#
#.......'##8)8#####8'8##.....#.#
#.......##.[))).8......#.....#.#
'.......##...[[.o..o...#.....#.##
#.......##)..⌠.._..⌠...###'###...
#.......##.............#.........
#........#......@..o...#######...
#......################# #...
#......#..............# #...
#......#..........###.# ##...
########.)........#.#.# #....
<.................#.#.# ###....
..............#####.#.# #...#+#
.....#####....#.....#.#####...+_+
#....# #....+.....#.....<...#'#


You could see an orc knight (strong, fleeing), an orc sorcerer (fleeing) and an
orc priest (fleeing).

Vanquished Creatures
  Erica (D:8)
  A tengu warrior (D:10)
  Amaemon (D:8)
  Pikel (D:5)
  An orc knight (D:10)
  Maurice (D:8)
  The ghost of Peloso the Slasher, a novice MiFi (D:5)
  A gargoyle (D:9)
  An orange demon (D:8)
  Psyche (D:8)
  A tengu conjurer (D:10)
  A troll (D:10)
  A hornet (D:7)
  A shadow (D:10)
  A vampire (D:10)
  A wraith (D:9)
  12 yaks
  2 steam dragons
  An acid dragon (D:8)
  8 orc warriors
  2 ice beasts
  A sky beast (D:8)
  3 centaurs
  3 bullfrogs (D:6)
  A gnoll sergeant (D:8)
  3 scorpions
  9 killer bees
  A howler monkey (D:5)
  9 orc priests
  A jelly (D:3)
  4 hounds
  An iguana (D:5)
  Ijyb (D:3)
  5 orc wizards
  4 gnolls (D:8)
  12 adders
  3 shadow imps
  A white imp (D:6)
  4 ufetubi
  3 worms
  The ghost of dvd2 the Sneak, a weakling DsDe (D:5)
  2 dart slugs
  45 orcs
  12 endoplasms
  3 giant cockroaches
  8 goblins
  10 hobgoblins
  7 jackals
  2 quokkas
  6 ball pythons
  6 bats
  15 kobolds
  5 rats
232 creatures vanquished.

Vanquished Creatures (collateral kills)
  Sonja (D:10)
1 creature vanquished.

Grand Total: 233 creatures vanquished

Notes
Turn   | Place    | Note
-------+----------+-------------------------------------------
     0 | D:1      | AllIsDust the Minotaur Berserker began the quest for the
                  | Orb.
     0 | D:1      | Reached XP level 1. HP: 19/19 MP: 0/0
   184 | D:1      | Reached XP level 2. HP: 27/27 MP: 1/1
   639 | D:2      | Reached skill level 4 in Axes
   667 | D:2      | Reached XP level 3. HP: 32/34 MP: 2/2
   766 | D:2      | Reached ** piety under Trog
   877 | D:2      | Found Laro's General Store.
   888 | D:2      | Bought a scroll of enchant weapon for 105 gold pieces
  1238 | D:3      | Reached XP level 4. HP: 31/41 MP: 3/3
  1395 | D:3      | Noticed Ijyb
  1402 | D:3      | Killed Ijyb
  1403 | D:3      | Reached skill level 5 in Axes
  1695 | D:3      | Found a faded altar of an unknown god.
  1919 | D:3      | Reached XP level 5. HP: 17/47 MP: 4/4
  2334 | D:4      | Found a blossoming altar of Fedhas.
  2342 | D:4      | Reached skill level 5 in Fighting
  2356 | D:4      | Found a snail-covered altar of Cheibriados.
  2443 | D:4      | Found a staircase to the Ecumenical Temple.
  2453 | D:4      | Reached skill level 6 in Axes
  2462 | D:4      | Reached XP level 6. HP: 41/56 MP: 5/5
  2945 | D:4      | Reached *** piety under Trog
  3227 | D:5      | Entered Level 5 of the Dungeon
  3228 | D:5      | Noticed Pikel
  3242 | D:5      | Killed Pikel
  3243 | D:5      | Reached skill level 8 in Axes
  3243 | D:5      | Reached XP level 7. HP: 37/62 MP: 6/6
  3367 | D:5      | Found a shadowy altar of Dithmenos.
  3604 | D:5      | Reached skill level 9 in Axes
  3898 | D:5      | Found a runed translucent gate.
  3898 | D:5      | Found a runed translucent gate.
  3898 | D:5      | Found a runed translucent gate.
  3902 | D:5      | Noticed Peloso's ghost (novice MiFi)
  3902 | D:5      | Noticed dvd2's ghost (weakling DsDe)
  3910 | D:5      | Killed dvd2's ghost
  3911 | D:5      | Killed Peloso's ghost
  3912 | D:5      | Reached skill level 10 in Axes
  3912 | D:5      | Reached skill level 5 in Armour
  3912 | D:5      | Reached XP level 8. HP: 71/71 MP: 7/7
  4940 | D:6      | Reached skill level 11 in Axes
  5100 | D:7      | Reached XP level 9. HP: 78/80 MP: 8/8
  5213 | D:7      | Reached skill level 12 in Axes
  5213 | D:7      | Reached skill level 1 in Shields
  5392 | D:7      | Found a sparkling altar of Nemelex Xobeh.
  6014 | D:8      | Noticed Psyche
  6029 | D:8      | Killed Psyche
  6178 | D:8      | Noticed Maurice
  6180 | D:8      | Paralysed by Maurice for 2 turns
  6201 | D:8      | Paralysed by something for 3 turns
  6209 | D:8      | Paralysed by something for 3 turns
  6219 | D:8      | Paralysed by something for 3 turns
  6242 | D:8      | Found a sacrificial altar of Ru.
  6261 | D:8      | Killed Maurice
  6262 | D:8      | Reached skill level 13 in Axes
  6262 | D:8      | Reached skill level 1 in Unarmed Combat
  6418 | D:8      | Reached **** piety under Trog
  6538 | D:8      | Noticed Amaemon
  6551 | D:8      | Killed Amaemon
  6552 | D:8      | Reached XP level 10. HP: 43/91 MP: 9/9
  6614 | D:8      | Found an iron altar of Okawaru.
  6671 | D:8      | Noticed Erica
  6684 | D:8      | Killed Erica
  6860 | D:8      | Noticed an orange demon
  6866 | D:8      | Killed an orange demon
  6867 | D:8      | Reached skill level 10 in Fighting
  7144 | D:8      | Found a broken altar of Ashenzari.
  7187 | D:9      | Reached skill level 14 in Axes
  7386 | D:9      | Identified a scroll of acquirement
  7410 | D:9      | Acquired 940 gold pieces
  7583 | D:9      | Found an ornate altar of the Wu Jian Council.
  8008 | D:9      | Found a transporter.
  8011 | D:9      | Found a viscous altar of Jiyva.
  8012 | D:9      | Found a transporter.
  8012 | D:9      | Noticed a glowing orange brain
  8257 | D:9      | Found a faded altar of an unknown god.
  8257 | D:9      | Noticed a gargoyle
  8258 | D:9      | Found a hazy altar of Hepliaklqana.
  8263 | D:9      | Killed a gargoyle
  8411 | D:10     | Entered Level 10 of the Dungeon
  8467 | D:10     | Found a staircase to the Orcish Mines.
  8473 | D:10     | Noticed an orc knight
  8481 | D:10     | Reached XP level 11. HP: 102/102 MP: 10/10
  8490 | D:10     | Killed an orc knight
  8595 | D:10     | Noticed a tengu warrior
  8608 | D:10     | Killed a tengu warrior
  8609 | D:10     | Reached skill level 15 in Axes
  8804 | D:10     | Found a staircase to the Lair.
  8945 | D:10     | Found a stormy altar of Qazlal.
  9007 | D:10     | Noticed Sonja
  9196 | D:10     | Killed Sonja
  9854 | Orc:1    | Entered Level 1 of the Orcish Mines
  9863 | Orc:1    | Noticed an orc sorcerer
  9864 | Orc:1    | Found Soosuniga's Magic Scroll Boutique.
  9864 | Orc:1    | Noticed an orc knight
  9864 | Orc:1    | Noticed an orc sorcerer
  9879 | Orc:1    | Noticed an orc knight
  9881 | Orc:1    | Paralysed by an orc sorcerer for 5 turns
  9889 | D:10     | HP: 5/102 [poisoned by an orange demon]
  9890 | D:10     | HP: 1/102 [poisoned by an orange demon]
  9891 | D:10     | Succumbed to an orange demon's poison

Illustrated notes

Levels and vault maps discovered:
D:1:      psy_arrival_terrarium, layout_rooms, dreamdust_mushroom_princess,
          minmay_fountain_box
D:2:      layout_basic, serial_shops, shop, minmay_indecisive_spiral
D:3:      cheibrodos_fertilizer, layout_basic,
          hellmonk_ecumenical_altar_heavens_door, uniq_ijyb
D:4:      layout_basic, cheibriados_altar_1, fedhas_altar_1,
          minmay_temple_entry_mini_moons
D:5:      layout_basic, grunt_dithmenos_smoke_and_mirrors,
          gammafunk_ghost_cemetery, uniq_pikel
D:6:      layout_basic, kennysheep_generic_room_3
D:7:      layout_basic, nemelex_spade_bored_becter
D:8:      layout_cave_pools, kennysheep_mini, mainiacjoe_overflow_alcove_2,
          nicolae_ru_great_annihilating_truth, uniq_amaemon, uniq_maurice,
          uniq_psyche, uniq_erica
D:9:      gammafunk_jiyva_shrine, layout_long_grid, mainiacjoe_overflow_catwalk,
          beargit_hepliaklqana_dungeon_heroes, serial_park_tiny_1
D:10:     layout_irregular_city, kennysheep_mini_moat, lair_entry_dummy,
          david_orc_5, uniq_sonja
Orc:1:    layout_caves, serial_shops, shop, nicolae_lakefront_shop, shop,
          nicolae_shop_rolling_square, shop

Skill      XL: |  1  2  3  4  5  6  7  8  9 10 11 |
---------------+----------------------------------+-----
Fighting       | 4 5 6 7 9 11 12 | 12.4
Axes           | 4 5 6 8 10 11 13 14 15 | 15.5
Armour         | 3 4 5 6 8 |  8.8
Dodging        | 3 |  3.2
Shields        | 2 3 |  3.4
Unarmed Combat | 1 |  1.2
Stealth        | |  0.5

Action                     |  1- 3 |  4- 6 |  7- 9 | 10-12 || total
---------------------------+-------+-------+-------+-------++-------
  Melee: Hand axe          |    82 |    20 |       |       ||   102
         Headbutt          |    12 |    17 |    24 |    32 ||    85
         War axe           |       |    89 |   170 |   169 ||   428
         Punch             |       |     1 |       |       ||     1
         Unarmed           |       |       |    12 |       ||    12
 Invoke: Berserk           |       |     1 |     4 |     6 ||    11
         Trog's Hand       |       |       |     2 |     1 ||     3
         Brothers in Arms  |       |       |       |     1 ||     1
    Use: Scroll            |    10 |     4 |     6 |     4 ||    24
   Stab: Invisible         |       |       |     1 |       ||     1
 Armour: Animal skin       |     5 |       |       |       ||     5
         Leather armour    |    17 |    32 |    50 |       ||    99
         Ring mail         |       |       |    24 |     6 ||    30
         Chain mail        |       |       |       |    10 ||    10
         Scale mail        |       |       |       |     8 ||     8
         Plate armour      |       |       |       |    61 ||    61
  Dodge: Dodged            |    55 |    61 |    85 |    70 ||   271
  Block: Buckler           |       |       |    11 |    33 ||    44
